 Dungeon Crawl Stone Soup version 0.31-a0-182-gc5ef74bbde (webtiles) character file.

Game seed: 1443944376505522535

207 qw the Chopper (level 5, -19/33 HPs)
             Began as a Gargoyle Fighter on June 20, 2023.
             Demolished by an ogre
             ... wielding a +0 giant club
              (23 damage)
             ... on level 5 of the Dungeon.
             The game lasted 00:01:22 (2778 turns).

qw the Chopper (Gargoyle Fighter)                   Turns: 2778, Time: 00:01:22

Health: -19/33     AC: 13    Str: 21    XL:     5   Next: 85%
Magic:  5/5        EV:  7    Int:  9    God:
Gold:   244        SH:  9    Dex:  9    Spells: 4/4 levels left

rFire   + . .        Y - +0 war axe
rCold   . . .        c - +0 buckler
rNeg    + . .        l - +0 chain mail
rPois   inf          (no helmet)
rElec   +            (no cloak)
rCorr   .            (no gloves)
SInv    .            (no boots)
Will    .....        k - amulet of reflection Stlth
                     a - ring of protection from fire
HPRegen 0.25/turn    (no ring)
MPRegen 0.09/turn

%: reflection
@: no status effects
A: sickness immunity, AC +4, negative energy resistance 1, electricity
resistance, torment resistance 1, petrification resistance
a: no special abilities


You were on level 5 of the Dungeon.
You visited 1 branch of the dungeon, and saw 5 of its levels.

You collected 244 gold pieces.


Innate Abilities, Weirdness & Mutations

You are immune to sickness and miasma.
Your stone body is resilient. (AC +4)
You are immune to poison.
You resist negative energy. (rN+)
You are resistant to electric shocks. (rElec)
You are resistant to unholy torment.
You are immune to petrification.


   Skills:
 - Level 4.0 Fighting
 + Level 5.0 Axes
 - Level 3.2 Armour
 - Level 3.2 Shields


You had 4 spell levels left.
You didn't know any spells.
Your spell library was empty.

Inventory:

Hand Weapons
 j - a +0 flail
 Y - a +0 war axe (weapon)
Missiles
 b - 3 boomerangs (quivered)
Armour
 c - a +0 buckler (worn)
 l - a +0 chain mail (worn)
Jewellery
 a - a ring of protection from fire (left hand)
 k - an amulet of reflection (around neck)
Wands
 n - a wand of digging (6)
Scrolls
 i - a scroll of identify
Potions
 d - 2 potions of might
 e - a potion of curing
 f - a potion of magic
 h - a potion of heal wounds {unknown}
 m - a potion of attraction {unknown}

Dungeon Overview and Level Annotations

Branches:
Dungeon (5/15)
 Temple: D:4-7

Altars:
Qazlal
Vehumet


Message History

The hound barely misses you.
You slash the hound!
You kill the hound!
Your Fighting skill increases to level 4!
You start resting.
HP restored.
Done exploring.
(D) Dungeon
Where to? (* - list waypoints, Enter - D:5, ? - help)
What level of the Dungeon? (default 1, ? - help)
You climb downwards.
There is a stone staircase leading up here.
Found 6 stones.
Found an escape hatch in the floor.
Found a stone staircase leading down.
An ogre comes into view. It is wielding a +0 giant club.
Found a spear.
The ogre shouts!
You throw a boomerang. The boomerang hits the ogre.
The ogre is lightly wounded.
You throw a boomerang. The boomerang hits the ogre.
The ogre is moderately wounded.
You throw a boomerang. The boomerang barely misses the ogre.
You slash the ogre!
The ogre is heavily wounded.
The ogre barely misses you.
You hit the ogre.
The ogre is severely wounded.
The ogre hits you with a +0 giant club!
Ouch! That really hurt!
You barely miss the ogre.
The ogre is severely wounded.
The ogre barely misses you.
You barely miss the ogre.
The ogre is severely wounded.
The ogre hits you with a +0 giant club!
You hit the ogre but do no damage.
The ogre is severely wounded.
The ogre hits you with a +0 giant club!!
Ouch! That really hurt!
You die...

. ##........
#.##.<...... .#
........... ..
.......... #.##
.........# ...#
.........# ....##
#.....<.# #.....#
##......##.......
#........@..(....
.........##O......
#.##....## ....>.#
# #....# .....>#
....... ).....#
........ .......
..##... ....... ..
.... ##....#


You could see an ogre.

Vanquished Creatures
  A hound (D:4)
  A sleepcap (D:3)
  4 gnolls
  2 adders (D:3)
  A white imp (D:4)
  3 worms (D:2)
  A dart slug (D:1)
  3 orcs
  8 ball pythons
  4 bats
  7 endoplasms
  A giant cockroach (D:1)
  5 hobgoblins
  3 jackals (D:1)
  3 quokkas
  8 frilled lizards
  10 goblins
  6 kobolds
  2 rats
73 creatures vanquished.

Notes
Turn   | Place    | Note
-------+----------+-------------------------------------------
     0 | D:1      | qw the Gargoyle Fighter began the quest for the Orb.
     0 | D:1      | Reached XP level 1. HP: 14/14 MP: 1/1
     0 | D:1      | 0 ||| qw: Version: 0.3-a-9-g12657ce
     0 | D:1      | 0 ||| qw: Game counter: 1478
     0 | D:1      | 0 ||| qw: Always use a shield: true
     0 | D:1      | 0 ||| qw: God list: Okawaru
     0 | D:1      | 0 ||| qw: Allow faded altars: false
     0 | D:1      | 0 ||| qw: Do Orc after D:15 true
     0 | D:1      | 0 ||| qw: Do second Lair branch before Depths: true
     0 | D:1      | 0 ||| qw: Lair rune preference: random
     0 | D:1      | 0 ||| qw: Plans: Normal, Zot:1-4, Slime:5, God:TSO, Crypt,
                  | Tomb, Abyss, Pan, Hells, Win
     0 | D:1      | 0 ||| PLANNING D:1-11
    32 | D:1      | Reached skill level 2 in Axes
   126 | D:1      | Reached XP level 2. HP: 14/19 MP: 2/2
   150 | D:1      | 150 ||| Stepping ~*~*~tactically~*~*~ (stealth).
   376 | D:1      | 376 ||| DROPPING +0 club.
   379 | D:1      | Reached skill level 3 in Axes
   403 | D:1      | Reached XP level 3. HP: 21/23 MP: 3/3
   516 | D:1      | 516 ||| Stepping ~*~*~tactically~*~*~ (stealth).
   518 | D:1      | 518 ||| Stepping ~*~*~tactically~*~*~ (stealth).
   748 | D:1      | 748 ||| UPGRADING to +0 chain mail.
   758 | D:1      | 758 ||| DROPPING +0 scale mail.
   759 | D:1      | 759 ||| UPGRADING to amulet of reflection.
   764 | D:1      | 764 ||| READING scroll labelled TOCOTH EFUMN.
   765 | D:1      | 765 ||| READING scroll labelled BITYES PALUR.
   766 | D:1      | 766 ||| READING scroll labelled GIV QIMPAUNY.
  1128 | D:2      | Reached XP level 4. HP: 28/28 MP: 4/4
  1273 | D:2      | 1273 ||| READING scroll labelled KIHIRPH CYLO.
  1274 | D:2      | 1274 ||| READING scroll labelled METSOS SONTI.
  1279 | D:2      | 1279 ||| READING scroll labelled JEV XI ZORIANTAI.
  1371 | D:3      | Reached skill level 4 in Axes
  1859 | D:3      | Reached XP level 5. HP: 32/32 MP: 5/5
  1862 | D:3      | 1862 ||| Stepping ~*~*~tactically~*~*~ (stealth).
  1996 | D:3      | 1996 ||| DROPPING amulet of guardian spirit.
  1997 | D:3      | 1997 ||| READING scroll labelled IPSEIM CISEWUA.
  1998 | D:3      | 1998 ||| DRINKING 2 bubbling purple potions.
  2032 | D:4      | 2032 ||| STAIRDANCE
  2185 | D:4      | Found a radiant altar of Vehumet.
  2188 | D:4      | 2188 ||| Stepping ~*~*~tactically~*~*~ (hiding).
  2259 | D:4      | Found a stormy altar of Qazlal.
  2483 | D:4      | Reached skill level 5 in Axes
  2705 | D:4      | 2705 ||| UPGRADING to ring of protection from fire.
  2706 | D:4      | 2706 ||| READING 2 scrolls labelled ZOQILA QOEQISH.
  2707 | D:4      | 2707 ||| DRINKING 2 green potions.
  2708 | D:4      | 2708 ||| DROPPING scroll of blinking.
  2729 | D:5      | Entered Level 5 of the Dungeon
  2736 | D:5      | 2736 ||| STAIRDANCE
  2770 | D:5      | Noticed an ogre
  2777 | D:5      | HP: 4/33 [ogre/+0 giant club (13)]
  2778 | D:5      | Demolished by an ogre

Levels and vault maps discovered:
D:1:      amcnicky_arrival_flooded_fountain, layout_loops_ring,
          hangedman_decor_opposing
D:2:      minmay_skewed_foursquare, layout_rooms, minmay_misc_feat_cross
D:3:      minmay_diamond_boxcup, layout_basic
D:4:      layout_cave_pools, vehumet_altar_wand_db, grunt_qazlal_sundering,
          minmay_manual_mullet
D:5:      lemuel_insect_pit, layout_cave_pools, gammafunk_ghost_nasty_kobolds

Skill      XL: |  1  2  3  4  5 |
---------------+----------------+-----
Axes           | 2 3 4 5 |  5.0
Fighting       | 4 |  4.0
Armour         | |  3.2
Shields        | |  3.2

Action                     |  1- 3 |  4- 6 || total
---------------------------+-------+-------++-------
  Melee: War axe           |    85 |   100 ||   185
  Throw: Boomerang         |    31 |    45 ||    76
    Use: Scroll            |     3 |     5 ||     8
         Potion            |       |     2 ||     2
 Armour: Scale mail        |    23 |       ||    23
         Chain mail        |     6 |    54 ||    60
  Dodge: Dodged            |    22 |    27 ||    49
  Block: Buckler           |    19 |    41 ||    60
         Reflection        |       |     1 ||     1

Table legend:
 A = Non-vault XP
 B = Vault XP
 C = Vault XP percentage of total XP
 D = Non-vault monster count
 E = Vault monster count
 F = Vault count percentage of total count
                 A         B        C        D         E       F
            +---------+---------+-------+---------+---------+-------
      Total |     190 |     106 |  35.8 |      54 |      19 |  26.0
            +---------+---------+-------+---------+---------+-------
        D:1 |      48 |       0 |   0.0 |      20 |       0 |   0.0
        D:2 |      30 |      11 |  26.8 |      15 |       5 |  25.0
        D:3 |      23 |      77 |  77.0 |      13 |       9 |  40.9
        D:4 |      89 |      18 |  16.8 |       6 |       5 |  45.5
            +---------+---------+-------+---------+---------+-------
